[Event "Titled Tuesday Blitz April 18 Late 2023"]
[White "ChessSG1"]
[Black "Vaglio Munoz, Jaime"]
[BlackFideId "6500145"]
[WhiteElo "2187"]
[BlackElo "2199"]
[Result "1/2-1/2"]
[Round "02"]
[TimeControl "180+2"]
[Date "2023.04.18"]
[WhiteClock "0:00:05"]
[BlackClock "0:00:16"]

1. c4 c6 2. Nf3 b5 3. cxb5 cxb5 4. e4 Bb7 5. Bxb5 Bxe4 6. O-O Nf6 7. Nc3 Bc6 8. d4 Bxb5 9. Nxb5 a6 10. Nc3 g6 11. Re1 Bg7 12. Bf4 O-O 13. Qe2 Re8 14. Rac1 d6 15. Na4 Nbd7 16. Bd2 Rb8 17. b3 Rb5 18. Qd3 Nd5 19. Nb2 Qb8 20. Re2 e6 21. Ne1 Qb6 22. Nc2 e5 23. Nc4 Qb8 24. dxe5 dxe5 25. N2a3 Rc5 26. b4 e4 27. Rxe4 Rxe4 28. Qxe4 N7f6 29. Qd3 Nxb4 30. Qb3 Nc6 31. Qxb8+ Nxb8 32. Rb1 Nc6 33. Be3 Rd5 34. g3 Ng4 35. Rb6 Nxe3 36. Nxe3 Rd6 37. Nac4 Re6 38. Rxa6 h5 39. h4 Nb4 40. Ra8+ Kh7 41. Kg2 Nd3 42. Rd8 Ne5 43. Nxe5 Rxe5 44. a4 Ra5 45. Rd7 Kg8 46. Rd8+ Kh7 47. Rd7 Rxa4 48. Rxf7 Kg8 49. Rb7 Ra2 50. Rb8+ Kf7 51. Rb7+ Kg8 52. Rb8+ Kf7 53. Rb7+ Kg8 1/2-1/2


[Site "https://www.chess.com"]

[Event "Titled Tuesday Blitz April 18 Late 2023"]
[White "Kielinkei"]
[Black "Dahlgren, James Allen"]
[BlackFideId "22256873"]
[WhiteElo "2434"]
[BlackElo "2174"]
[Result "0-1"]
[Round "02"]
[TimeControl "180+2"]
[Date "2023.04.18"]
[WhiteClock "0:00:05"]
[BlackClock "0:00:24"]

1. e4 e6 2. Nf3 c5 3. e5 d5 4. b4 cxb4 5. a3 bxa3 6. d4 Nc6 7. c3 f5 8. g4 fxg4 9. Ng5 h5 10. Qd3 Nge7 11. h3 gxh3 12. Bxh3 Nf5 13. Nxe6 Bxe6 14. Bxf5 Qe7 15. Qh3 Bxf5 16. Qxf5 Qf7 17. Qh3 Be7 18. e6 Qg6 19. Nxa3 O-O-O 20. Be3 Qd3 21. Nb1 g5 22. Nd2 g4 23. Qg2 Rd6 24. Rd1 Rxe6 25. Nb1 Qe4 26. Qg1 h4 27. Nd2 Qf5 28. Kf1 g3 29. Re1 Rf8 30. Qg2 Bg5 31. Bxg5 Rxe1+ 32. Kxe1 Qxg5 33. fxg3 hxg3 34. Rg1 Re8+ 35. Kd1 Re3 36. Kc2 Qf5+ 37. Kb2 Qd3 38. Qh3+ Kc7 39. Nb1 Re2+ 40. Kb3 Qc4+ 41. Ka3 Ra2# 0-1


[Site "https://www.chess.com"]

[Event "Titled Tuesday Blitz April 18 Late 2023"]
[White "Schmidt, Harald"]
[Black "WindWhistler11"]
[WhiteFideId "4648358"]
[WhiteElo "2171"]
[BlackElo "2433"]
[Result "0-1"]
[Round "02"]
[TimeControl "180+2"]
[Date "2023.04.18"]
[WhiteClock "0:00:08"]
[BlackClock "0:00:25"]

1. e4 e6 2. d4 d5 3. Nd2 Nc6 4. Ngf3 Nf6 5. Bd3 Nb4 6. O-O Nxd3 7. cxd3 Be7 8. Re1 O-O 9. Nf1 a5 10. Bg5 b6 11. Rc1 Ba6 12. Ng3 Rc8 13. Qd2 c5 14. dxc5 bxc5 15. Red1 a4 16. Qf4 Rb8 17. Rc2 dxe4 18. Bxf6 exf3 19. Bxe7 Qxe7 20. Qxf3 Rfd8 21. Ne4 Rd5 22. g3 Rbd8 23. Qe3 c4 24. d4 e5 25. Rcd2 f5 26. Nc3 e4 27. Nxd5 Rxd5 28. Qf4 g5 29. Qb8+ Kg7 30. Qa8 Qe6 31. b3 cxb3 32. axb3 axb3 33. Rb2 Bc4 34. Qb7+ Kg6 35. Qb4 Rb5 36. Qc3 Bd5 37. Ra1 f4 38. gxf4 gxf4 39. f3 exf3 40. Qd3+ Qe4 41. Qxb5 Qxd4+ 42. Kf1 Bc4+ 43. Qxc4 Qxc4+ 44. Kg1 Qd4+ 0-1


[Site "https://www.chess.com"]

[Event "Titled Tuesday Blitz April 18 Late 2023"]
[White "mjelcic"]
[Black "Tworuszka, Michal"]
[BlackFideId "1117858"]
[WhiteElo "2157"]
[BlackElo "2433"]
[Result "1-0"]
[Round "02"]
[TimeControl "180+2"]
[Date "2023.04.18"]
[WhiteClock "0:00:29"]
[BlackClock "0:00:07"]

1. c4 e5 2. Nc3 Nf6 3. g3 d5 4. cxd5 Nxd5 5. Bg2 Nb6 6. Nf3 Nc6 7. O-O Be7 8. a3 O-O 9. d3 Re8 10. b4 Bf8 11. Bb2 a5 12. b5 Nd4 13. e3 Nxf3+ 14. Bxf3 a4 15. Rc1 Ra7 16. Qc2 Be6 17. Ne4 Nd5 18. Nc5 Bh3 19. Rfd1 c6 20. bxc6 bxc6 21. Nxa4 Re6 22. Nc5 Rh6 23. a4 Qf6 24. Qe2 Qg5 25. Ne4 Qf5 26. Nc5 Qg5 27. d4 exd4 28. Bxd4 Rxa4 29. Nxa4 1-0


[Site "https://www.chess.com"]

[Event "Titled Tuesday Blitz April 18 Late 2023"]
[White "Vanek, Tomas"]
[Black "Seletsky, Grigory"]
[WhiteFideId "313459"]
[BlackFideId "14112191"]
[WhiteElo "2052"]
[BlackElo "2490"]
[Result "1/2-1/2"]
[Round "02"]
[TimeControl "180+2"]
[Date "2023.04.18"]
[WhiteClock "0:00:40"]
[BlackClock "0:00:24"]

1. a3 c5 2. g3 b6 3. Bg2 Nc6 4. e4 Bb7 5. Ne2 e6 6. O-O d6 7. c3 g6 8. Qc2 Bg7 9. d3 Nge7 10. Be3 Rc8 11. Nd2 O-O 12. f4 d5 13. Rad1 f5 14. Nf3 Qd7 15. exd5 Nxd5 16. Bc1 Rfd8 17. d4 c4 18. Ne5 Nxe5 19. fxe5 b5 20. Nf4 a5 21. Nxd5 Bxd5 22. Bg5 Re8 23. Bxd5 Qxd5 24. Qe2 b4 25. axb4 axb4 26. g4 bxc3 27. bxc3 Rb8 28. gxf5 exf5 29. Qg2 Qa5 30. Qc6 Rec8 31. Qe6+ Kh8 32. Bf6 Qxc3 33. Bxg7+ Kxg7 34. Qf6+ Kg8 35. Qe6+ Kg7 36. Qf6+ Kg8 37. Qe6+ Kg7 1/2-1/2


[Site "https://www.chess.com"]

[Event "Titled Tuesday Blitz April 18 Late 2023"]
[White "ElenGajger"]
[Black "Tarnowska, Aleksandra"]
[BlackFideId "1180967"]
[WhiteElo "2431"]
[BlackElo "1776"]
[Result "1-0"]
[Round "02"]
[TimeControl "180+2"]
[Date "2023.04.18"]
[WhiteClock "0:00:33"]
[BlackClock "0:00:04"]

1. e4 c5 2. Nc3 a6 3. Nf3 b5 4. d4 cxd4 5. Nxd4 e5 6. Nf3 Nc6 7. a4 b4 8. Nd5 Nf6 9. Nxf6+ Qxf6 10. Bc4 h6 11. O-O Bc5 12. Re1 O-O 13. Be3 Bxe3 14. Rxe3 d6 15. Bd5 Bb7 16. Qd2 a5 17. Rd1 Rfd8 18. Rd3 Qe7 19. Qe3 Rab8 20. g3 Qc7 21. Nh4 Ba6 22. R3d2 Ne7 23. Bb3 Bb7 24. Qe2 Qc6 25. f3 Qc5+ 26. Kh1 g5 27. Ng2 Kg7 28. Ne3 Kg6 29. Kg2 f5 30. exf5+ Nxf5 31. Bf7+ Kf6 32. Nxf5 Kxf5 33. Qd3+ e4 34. Qb3 exf3+ 35. Kh3 g4+ 36. Kh4 Qe5 37. Rd5 Bxd5 38. Rxd5 1-0


[Site "https://www.chess.com"]

[Event "Titled Tuesday Blitz April 18 Late 2023"]
[White "Vargas Rodriguez, Wilver"]
[Black "Melikhov, Evgeny V."]
[WhiteFideId "3509672"]
[BlackFideId "4122046"]
[WhiteElo "2224"]
[BlackElo "2158"]
[Result "0-1"]
[Round "02"]
[TimeControl "180+2"]
[Date "2023.04.18"]
[WhiteClock "0:00:04"]
[BlackClock "0:00:04"]

1. e4 c5 2. Nf3 d6 3. d4 cxd4 4. Nxd4 Nf6 5. Nc3 a6 6. Bg5 e6 7. f4 Nbd7 8. Qf3 Qc7 9. Bd3 b5 10. O-O-O Bb7 11. Rhe1 O-O-O 12. a3 Kb8 13. Bh4 Rc8 14. g4 Nc5 15. Kb1 Nfd7 16. Bg3 Nb6 17. Qe2 Nba4 18. Na2 Nxd3 19. Qxd3 Qc4 20. Qxc4 bxc4 21. Nb4 a5 22. Na2 h5 23. g5 h4 24. Bf2 g6 25. h3 Bg7 26. c3 Nc5 27. e5 dxe5 28. fxe5 Nd3 29. Re2 Nxf2 30. Rxf2 Bxe5 31. Rxf7 Be4+ 32. Ka1 Bf5 33. Nxf5 gxf5 34. Rdd7 Rc7 35. Nc1 Rxd7 36. Rxd7 f4 37. Rf7 Kc8 38. Ne2 Kd8 39. Nxf4 Ke8 40. g6 Rg8 41. Nxe6 Rxg6 42. Rf8+ Ke7 43. Ra8 Kxe6 44. Ra6+ Kf5 45. Rxa5 Ke4 46. Rc5 Rg3 47. Rxc4+ Kd3 48. Rd4+ Bxd4 49. cxd4 Kc2 50. Ka2 Rg2 51. d5 Rd2 52. d6 Rxd6 53. b4 Rd3 54. a4 Rb3 55. b5 Rb4 56. Ka3 Rb3+ 57. Ka2 Kc3 58. a5 Rxb5 59. a6 Ra5+ 60. Kb1 Rxa6 61. Kc1 Ra1# 0-1


[Site "https://www.chess.com"]

[Event "Titled Tuesday Blitz April 18 Late 2023"]
[White "Mackster23"]
[Black "Oliveira, Tiago Batista"]
[BlackFideId "2108291"]
[WhiteElo "2427"]
[BlackElo "1962"]
[Result "1-0"]
[Round "02"]
[TimeControl "180+2"]
[Date "2023.04.18"]
[WhiteClock "0:00:09"]
[BlackClock "0:00:02"]

1. e4 c5 2. Nf3 Nc6 3. d4 cxd4 4. Nxd4 Nf6 5. Nc3 d6 6. Bg5 e6 7. Qd2 Be7 8. O-O-O Nxd4 9. Qxd4 O-O 10. h4 Qa5 11. f3 a6 12. Kb1 b5 13. g4 b4 14. Ne2 Bb7 15. Nc1 Rfc8 16. h5 Qxg5 17. Qxb4 Rab8 18. Qd4 Qa5 19. Nb3 Qc7 20. Qd2 Nd7 21. Bd3 h6 22. Rc1 Ne5 23. Rhf1 Nxd3 24. Qxd3 Bf6 25. c3 a5 26. Rf2 a4 27. Nd4 Qa5 28. Qb5 Qa8 29. Qd3 Ba6 30. Qe3 Bc4 31. Ka1 Bxd4 32. Qxd4 a3 33. b3 Bxb3 34. axb3 Rxb3 35. Ra2 Qb7 36. Qd2 Rb8 37. Qc2 Rb2 38. Rxb2 axb2+ 39. Kb1 Qb5 40. Rd1 Rb6 41. Rd4 d5 42. Rb4 Qf1+ 43. Kxb2 Rxb4+ 44. cxb4 Qxf3 45. b5 Qf4 46. b6 Qb8 47. Qc7 Qe8 48. b7 Qb5+ 49. Kc3 d4+ 50. Kxd4 Qb4+ 51. Kd3 Qb3+ 52. Kd4 Qb4+ 53. Ke5 Qb2+ 54. Kd6 Qh2+ 55. Kd7 Qd2+ 56. Kc8 1-0


[Site "https://www.chess.com"]

[Event "Titled Tuesday Blitz April 18 Late 2023"]
[White "Urbina Perez, Juan Antonio"]
[Black "Barria Santos, Jose Guilherme"]
[WhiteFideId "2217368"]
[BlackFideId "1939300"]
[WhiteElo "2197"]
[BlackElo "2266"]
[Result "1-0"]
[Round "02"]
[TimeControl "180+2"]
[Date "2023.04.18"]
[WhiteClock "0:00:55"]
[BlackClock "0:00:09"]

1. e4 c5 2. Nf3 d6 3. d4 cxd4 4. Nxd4 Nf6 5. Nc3 a6 6. Be3 e5 7. Nf3 Be7 8. Bc4 O-O 9. O-O h6 10. a4 Be6 11. Qe2 Bxc4 12. Qxc4 Nbd7 13. Rfd1 Rc8 14. Qe2 Qc7 15. Rac1 Nc5 16. Bxc5 dxc5 17. Nh4 Rfe8 18. Nf5 Bf8 19. Nd5 Nxd5 20. Rxd5 Rcd8 21. Ne3 Rxd5 22. Nxd5 Qc6 23. b3 b5 24. axb5 axb5 25. c4 b4 26. h3 Ra8 27. Rd1 Ra3 28. Rd3 Qa6 29. Rg3 Ra1+ 30. Kh2 Qa2 31. Qf3 Qb1 32. Rg4 Qh1+ 33. Kg3 Qd1 34. Qf5 Ra6 35. f3 Qxb3 36. Qc8 Rg6 37. Ne7+ Kh7 38. Qxf8 Rxg4+ 39. hxg4 1-0


[Site "https://www.chess.com"]

[Event "Titled Tuesday Blitz April 18 Late 2023"]
[White "Chemin, Justo Reinaldo"]
[Black "Dzida, Kamil"]
[WhiteFideId "2101580"]
[BlackFideId "21828652"]
[WhiteElo "1940"]
[BlackElo "2139"]
[Result "1-0"]
[Round "02"]
[TimeControl "180+2"]
[Date "2023.04.18"]
[WhiteClock "0:02:26"]
[BlackClock "0:02:56"]

1. d4 d5 2. Nf3 e6 3. Bf4 Nf6 4. e3 c5 5. c3 Nc6 6. Nbd2 Bd6 7. Bg3 b6 8. Bb5 Bb7 9. Qa4 Qc7 10. Bxd6 Qxd6 11. Ne5 Rc8 12. Qxa7 O-O 13. Qxb6 Nxe5 14. Qxd6 1-0


[Site "https://www.chess.com"]

[Event "Titled Tuesday Blitz April 18 Late 2023"]
[White "Delorme, Axel"]
[Black "ritanovikova"]
[WhiteFideId "632023"]
[WhiteElo "2478"]
[BlackElo "2117"]
[Result "0-1"]
[Round "02"]
[TimeControl "180+2"]
[Date "2023.04.18"]
[WhiteClock "0:00:50"]
[BlackClock "0:01:36"]

1. e4 d5 2. exd5 Qxd5 3. Nc3 Qd6 4. d4 Nf6 5. Nf3 c6 6. g3 Bg4 7. Bg2 e6 8. O-O Nbd7 9. Bf4 Qb4 10. Qd2 Bd6 11. Ne5 Nd5 12. Bxd5 exd5 13. Nxd7 Bxd7 14. Bxd6 Qxd6 15. Rfe1+ Be6 16. Re5 O-O 17. Rae1 Rfe8 18. Kg2 Bd7 19. Rxe8+ Rxe8 20. Rxe8+ Bxe8 21. Qe3 Bd7 22. a3 Qe6 23. Qxe6 Bxe6 24. b4 Bf5 25. Na4 Bxc2 26. Nc5 b6 27. Nd7 f6 28. Nb8 Ba4 29. Kf3 Kf7 30. Kf4 Ke7 31. h4 Kd8 32. Kf5 Kc8 33. Ke6 Kxb8 34. Kf7 c5 35. bxc5 bxc5 0-1


[Site "https://www.chess.com"]

[Event "Titled Tuesday Blitz April 18 Late 2023"]
[White "Mihajlovskij"]
[Black "Abduzhaparov"]
[WhiteElo "2114"]
[BlackElo "2411"]
[Result "1-0"]
[Round "02"]
[TimeControl "180+2"]
[Date "2023.04.18"]
[WhiteClock "0:00:09"]
[BlackClock "0:00:22"]

1. e4 d6 2. d4 Nf6 3. Nc3 e5 4. Nf3 Nbd7 5. Bc4 Be7 6. a4 O-O 7. O-O c6 8. h3 b6 9. Be3 a6 10. Qe2 Bb7 11. Rfd1 Qc7 12. d5 cxd5 13. Bxd5 Nxd5 14. Nxd5 Bxd5 15. Rxd5 Nf6 16. Rdd1 Nxe4 17. Bxb6 Qxb6 18. Qxe4 Qxb2 19. Rab1 Qc3 20. Rb7 Bf6 21. Rxd6 Rac8 22. Rxa6 Qxc2 23. Qxc2 Rxc2 24. Kf1 e4 25. Ne1 Ra2 26. Rc7 h5 27. Rc4 Re8 28. Rc2 Ra1 29. Ke2 Rb8 30. g3 Rb4 31. a5 Rba4 32. Ng2 Rxa5 33. Rxa5 Rxa5 34. Ke3 Ra4 35. h4 g6 36. Nf4 Bg7 37. Rc8+ Kh7 38. Rc7 Ra3+ 39. Kxe4 f5+ 40. Kd5 Ra5+ 41. Ke6 Kh6 42. Nd5 Ra2 43. Kf7 Rd2 44. Nf4 Be5 45. Rc8 Ra2 46. Nxg6 Ra7+ 47. Ne7 Kh7 48. Ke6 Bd4 49. f4 Bf2 50. Nxf5 Ra6+ 51. Ke5 Ra5+ 52. Kf6 Ra6+ 53. Kg5 Ra7 54. Kxh5 Be1 55. Kg4 Ra3 56. Rc6 Rb3 57. h5 Ra3 58. Re6 Ra7 59. Rxe1 Rb7 60. Re7+ Rxe7 61. Nxe7 Kh6 62. Nf5+ Kh7 63. Kg5 Kg8 64. Kg6 Kh8 65. Nh4 Kg8 66. f5 Kh8 67. Nf3 Kg8 68. g4 Kh8 69. g5 Kg8 70. f6 Kh8 71. h6 Kg8 72. Kf5 Kh8 73. Ke6 Kh7 74. Ke7 Kg6 75. f7 Kh7 76. g6+ Kxh6 77. f8=Q+ Kh5 78. Qf5+ Kh6 79. Qg5+ Kg7 80. Qf6+ Kh6 81. g7+ Kh7 82. Ng5+ 1-0


[Site "https://www.chess.com"]

[Event "Titled Tuesday Blitz April 18 Late 2023"]
[White "Torres Dominguez, David"]
[Black "mrithyunjay"]
[WhiteFideId "2220857"]
[WhiteElo "1999"]
[BlackElo "2409"]
[Result "0-1"]
[Round "02"]
[TimeControl "180+2"]
[Date "2023.04.18"]
[WhiteClock "0:00:11"]
[BlackClock "0:00:23"]

1. e4 c5 2. Nc3 d6 3. Bb5+ Bd7 4. Bxd7+ Nxd7 5. f4 g6 6. Nf3 Bg7 7. d3 e6 8. O-O Ne7 9. Qe1 O-O 10. Qh4 Nc6 11. Qh3 Nd4 12. Nxd4 Bxd4+ 13. Be3 Bxe3+ 14. Qxe3 Qb6 15. Rab1 c4 16. Qxb6 Nxb6 17. d4 Rac8 18. Rfd1 a6 19. e5 Rfd8 20. exd6 Rxd6 21. Ne4 Rdd8 22. c3 Nd5 23. g3 b6 24. Kf2 h6 25. Re1 Rd7 26. Kf3 a5 27. a3 Rb7 28. Re2 b5 29. Ra1 Rc6 30. Rc2 Kg7 31. h4 b4 32. axb4 axb4 33. Ra8 bxc3 34. bxc3 Rb3 35. Nc5 Rxc3+ 36. Rxc3 Nxc3 37. Nd7 Nb5 38. Ne5 Rc7 39. Rd8 c3 40. Nd3 c2 41. Nc1 Rc3+ 42. Kf2 Ra3 43. Ke2 Rxg3 44. Kd2 Rg2+ 45. Kd3 Rg4 46. Kxc2 Rxf4 47. Ne2 Rxh4 48. Rd7 Rh2 49. Kd3 g5 50. d5 exd5 51. Rxd5 Rxe2 52. Rxb5 Re6 53. Rc5 Rg6 54. Ke2 h5 55. Kf2 h4 56. Kg2 Kh6 57. Kh3 g4+ 58. Kxh4 g3 59. Rc1 g2 60. Rg1 f5 61. Kh3 Kh5 62. Rxg2 Rxg2 63. Kxg2 Kg4 64. Kf2 Kf4 65. Ke2 Kg3 66. Ke1 Kg2 67. Ke2 f4 0-1


[Site "https://www.chess.com"]

[Event "Titled Tuesday Blitz April 18 Late 2023"]
[White "Papayan, Oleg"]
[Black "Manfroi, Alexander Giannini"]
[WhiteFideId "4193911"]
[BlackFideId "22739335"]
[WhiteElo "2153"]
[BlackElo "1618"]
[Result "1-0"]
[Round "02"]
[TimeControl "180+2"]
[Date "2023.04.18"]
[WhiteClock "0:00:08"]
[BlackClock "0:00:21"]

1. e4 c5 2. d4 cxd4 3. Qxd4 Nc6 4. Qd3 Ne5 5. Qg3 Ng6 6. h4 h5 7. e5 Qa5+ 8. Nc3 Qxe5+ 9. Qxe5 Nxe5 10. Bf4 d6 11. Nd5 Kd7 12. Bb5+ Nc6 13. O-O-O Nf6 14. c4 e6 15. Nxf6+ gxf6 16. Bxd6 Bxd6 17. c5 Kc7 18. cxd6+ Kb6 19. a4 Bd7 20. Rh3 a6 21. Be2 Rac8 22. Kb1 a5 23. Rg3 Nb4 24. b3 e5 25. Bc4 Bf5+ 26. Kb2 Rhd8 27. Rg7 Be6 28. Bxe6 Rc2+ 29. Kb1 fxe6 30. Nf3 Rxf2 31. Nd2 Rxd6 32. Nc4+ Kc5 33. Rxd6 Rf1+ 34. Kb2 Rf2+ 35. Rd2 Nd3+ 36. Kc3 Rxd2 37. Kxd2 Nf4 38. Rxb7 Nxg2 39. Nxa5 Nxh4 40. Nc4 Nf3+ 41. Ke3 Nd4 42. a5 Kc6 43. a6 Nc2+ 44. Kf2 e4 45. Rb6+ Kc7 46. a7 e3+ 47. Ke2 Nd4+ 48. Kxe3 Nb5 49. Rxb5 Kc6 50. Rb6+ Kc5 51. a8=Q f5 52. Qc6# 1-0


[Site "https://www.chess.com"]

[Event "Titled Tuesday Blitz April 18 Late 2023"]
[White "Winkels, Marcel"]
[Black "Gerbelli Neto, Eduardo"]
[WhiteFideId "1003887"]
[BlackFideId "2103281"]
[WhiteElo "1900"]
[BlackElo "2178"]
[Result "1-0"]
[Round "02"]
[TimeControl "180+2"]
[Date "2023.04.18"]
[WhiteClock "0:00:10"]
[BlackClock "0:00:36"]

1. d4 d5 2. Nc3 Nf6 3. Bf4 Bf5 4. e3 e6 5. Nf3 Bb4 6. Bd3 Bg6 7. Ne5 Nbd7 8. O-O Bxd3 9. cxd3 O-O 10. Rc1 Bd6 11. Qf3 a6 12. g4 Qe7 13. g5 Ne8 14. Kh1 f6 15. gxf6 Nexf6 16. Qh3 c5 17. Rg1 Bxe5 18. dxe5 Ne8 19. d4 g6 20. Rg2 Ng7 21. Bh6 Rf5 22. Bxg7 Kxg7 23. Rcg1 Raf8 24. f4 cxd4 25. Ne2 dxe3 26. Qxe3 Nc5 27. Rg4 Ne4 28. Nd4 Rh5 29. a3 Rh3 30. Qe1 Rd3 31. Ne2 Qc5 32. R4g2 Re3 33. h4 Rxf4 34. Nxf4 Rxe1 35. Nxe6+ Kf7 36. Nxc5 Rxg1+ 37. Kxg1 Nxc5 38. Rc2 b6 39. b4 Nd3 40. Rc7+ Ke6 41. Rc6+ Kxe5 42. Rxb6 d4 43. Rxa6 Nf4 44. Kf2 Nd5 45. Ra5 Ke4 46. Ke2 d3+ 47. Kd2 Kd4 48. b5 Nb6 49. Ra6 Nc4+ 50. Kd1 Kc3 51. Rc6 Kb3 52. Rxc4 Kxc4 53. b6 h6 54. b7 g5 55. b8=Q g4 56. Qf4+ Kc3 57. Qxg4 h5 58. Qxh5 Kb3 59. Qg4 Kxa3 60. Kd2 Kb2 61. h5 Kb3 62. h6 1-0


[Site "https://www.chess.com"]

[Event "Titled Tuesday Blitz April 18 Late 2023"]
[White "Brod, Manfred"]
[Black "Alexikov, Alexander"]
[WhiteFideId "1602110"]
[BlackFideId "14103958"]
[WhiteElo "2073"]
[BlackElo "2186"]
[Result "1/2-1/2"]
[Round "02"]
[TimeControl "180+2"]
[Date "2023.04.18"]
[WhiteClock "0:00:33"]
[BlackClock "0:00:01"]

1. e4 c5 2. Nf3 d6 3. d4 cxd4 4. Nxd4 Nf6 5. Nc3 a6 6. Be2 e5 7. Nb3 Be6 8. f4 Qc7 9. g4 h6 10. g5 hxg5 11. fxg5 Nfd7 12. Nd5 Bxd5 13. exd5 Nb6 14. Be3 N8d7 15. Qd2 Rc8 16. O-O-O Rh4 17. Kb1 Nc4 18. Bxc4 Rxc4 19. c3 a5 20. Nc1 a4 21. a3 Nc5 22. h4 Ne4 23. Qe1 Nxc3+ 24. bxc3 Rxc3 25. Rh2 Rxa3 26. Rb2 Qc4 27. Bb6 Rc3 28. Ne2 Rb3 29. Rc1 Qd3+ 30. Ka1 Ra3+ 31. Ra2 Rxa2+ 32. Kxa2 Qb3+ 33. Ka1 Rxc1+ 34. Qxc1 Qxb6 35. Qc8+ Qd8 36. Qxb7 Be7 37. Qb5+ Qd7 38. Nc3 Qxb5 39. Nxb5 Kd7 40. Nc3 f6 41. Ne4 f5 42. Ng3 g6 43. Ka2 Kc7 44. Ka3 Kb6 45. Kxa4 Kc5 46. h5 f4 47. Ne4+ Kxd5 48. h6 Kxe4 49. h7 f3 50. h8=Q Bxg5 51. Qh2 Bf4 52. Qc2+ Ke3 53. Kb3 f2 54. Qd1 e4 55. Kc4 g5 56. Qf1 g4 57. Kc3 g3 58. Kc2 d5 59. Kd1 Kf3 60. Qh1+ g2 61. Qh3+ Bg3 62. Qf5+ Ke3 63. Qg5+ Kf3 64. Qf5+ Bf4 65. Qh3+ Bg3 66. Qf5+ 1/2-1/2


[Site "https://www.chess.com"]

[Event "Titled Tuesday Blitz April 18 Late 2023"]
[White "Ramirez Vido, Robert Yorisan"]
[Black "Allam, Yara"]
[WhiteFideId "3513823"]
[BlackFideId "10615709"]
[WhiteElo "2401"]
[BlackElo "1758"]
[Result "1-0"]
[Round "02"]
[TimeControl "180+2"]
[Date "2023.04.18"]
[WhiteClock "0:00:40"]
[BlackClock "0:00:20"]

1. f4 d5 2. Nf3 c5 3. g3 Nc6 4. Bg2 Nf6 5. d3 Bg4 6. O-O e6 7. Ne5 Nxe5 8. fxe5 Nd7 9. c4 Nxe5 10. h3 Bf5 11. cxd5 Bd6 12. Nc3 O-O 13. Bf4 a6 14. dxe6 Bxe6 15. Ne4 Bc7 16. Kh2 Qe7 17. Rc1 b6 18. Ng5 Rad8 19. Nxe6 Qxe6 20. Qa4 b5 21. Qe4 c4 22. dxc4 bxc4 23. Rc3 Bb8 24. Re3 Rfe8 25. Qb7 Qd7 26. Qxa6 Ng6 27. Rxe8+ Rxe8 28. Bxb8 Rxb8 29. Qxc4 Rxb2 30. Rxf7 Ne5 31. Rxd7+ Nxc4 32. Bd5+ Kf8 33. Bxc4 Ke8 34. Rxg7 Kf8 35. Rxh7 1-0


[Site "https://www.chess.com"]

[Event "Titled Tuesday Blitz April 18 Late 2023"]
[White "Aranda Marin, Cristian"]
[Black "Maranhao,Jose Renato Ruiz"]
[WhiteFideId "2205513"]
[BlackFideId "2135175"]
[WhiteElo "2233"]
[BlackElo "1970"]
[Result "1-0"]
[Round "02"]
[TimeControl "180+2"]
[Date "2023.04.18"]
[WhiteClock "0:00:51"]
[BlackClock "0:00:01"]

1. c4 e5 2. g3 Nc6 3. Bg2 Nf6 4. a3 a5 5. Nc3 Bc5 6. e3 d6 7. Nge2 Bg4 8. h3 Bh5 9. d3 O-O 10. O-O Qe7 11. Rb1 a4 12. g4 Bg6 13. e4 h5 14. g5 Nh7 15. Nd5 Qd8 16. Kh2 Nxg5 17. f4 exf4 18. Nexf4 Nd4 19. Nxh5 c6 20. Ndf4 d5 21. cxd5 cxd5 22. e5 Nge6 23. Nxd5 Qd7 24. Ndf6+ gxf6 25. Nxf6+ Kg7 26. Nxd7 Rfd8 27. Nxc5 Nxc5 28. Bg5 Nxd3 29. Bf6+ Kg8 30. Qxd3 Bxd3 31. Bxd8 Rxd8 32. Rg1 Bxb1 33. Be4+ 1-0


[Site "https://www.chess.com"]

[Event "Titled Tuesday Blitz April 18 Late 2023"]
[White "Aqib Javaid Butt"]
[Black "Yeritsyan, Hayk"]
[WhiteFideId "7801262"]
[BlackFideId "13307320"]
[WhiteElo "1659"]
[BlackElo "2396"]
[Result "0-1"]
[Round "02"]
[TimeControl "180+2"]
[Date "2023.04.18"]
[WhiteClock "0:00:01"]
[BlackClock "0:00:02"]

1. Nf3 d5 2. d4 Nf6 3. c4 c6 4. Qc2 g6 5. e3 Bf5 6. Bd3 Bxd3 7. Qxd3 Bg7 8. Nc3 O-O 9. O-O e6 10. b3 Nbd7 11. Bb2 Re8 12. e4 dxc4 13. bxc4 e5 14. d5 Nc5 15. Qe2 cxd5 16. cxd5 Nfd7 17. Rac1 a6 18. d6 Qb6 19. Nd5 Qxd6 20. Rfd1 Rac8 21. Ng5 h6 22. Nf3 Kh7 23. Rc2 Rc6 24. Rcd2 Qe6 25. Nb4 Rc7 26. Rd6 Qe7 27. R1d2 Rec8 28. h4 Ne6 29. Nd5 Qxd6 30. Nf6+ Nxf6 31. Rxd6 Ng4 32. g3 Rc2 33. Rd2 R2c5 34. Qd1 h5 35. Kg2 R8c7 36. Rd5 Rc2 37. Bxe5 Rxf2+ 38. Kh3 Rxf3 39. Qxf3 Nxe5 40. Rxe5 Bxe5 41. g4 Rc3 42. Kg2 Kg7 0-1


[Site "https://www.chess.com"]

[Event "Titled Tuesday Blitz April 18 Late 2023"]
[White "Tymrakiewicz, Rafal"]
[Black "Joubert, Dantelle"]
[WhiteFideId "1108832"]
[BlackFideId "14310813"]
[WhiteElo "2151"]
[BlackElo "1507"]
[Result "1-0"]
[Round "02"]
[TimeControl "180+2"]
[Date "2023.04.18"]
[WhiteClock "0:00:56"]
[BlackClock "0:01:35"]

1. d4 Nf6 2. Bg5 Ne4 3. Bf4 d5 4. e3 c5 5. Bd3 Nc6 6. Bxe4 dxe4 7. d5 Nb4 8. Nc3 e6 9. d6 f6 10. Nxe4 e5 11. Bxe5 fxe5 12. Qh5+ Kd7 13. Qxe5 Nxc2+ 14. Ke2 Nxa1 15. Nf3 b6 16. Rxa1 Ba6+ 17. Ke1 Bb7 18. Qf5+ Kc6 19. Ne5+ Kb5 20. Nc3+ Ka5 21. Qd3 Ba6 22. Nc6# 1-0


[Site "https://www.chess.com"]

[Event "Titled Tuesday Blitz April 18 Late 2023"]
[White "Manu_ChessExcelsior"]
[Black "Fernandez Garcia, Gumersindo"]
[BlackFideId "24516740"]
[WhiteElo "1967"]
[BlackElo "2093"]
[Result "0-1"]
[Round "02"]
[TimeControl "180+2"]
[Date "2023.04.18"]
[WhiteClock "0:00:06"]
[BlackClock "0:00:32"]

1. e4 c5 2. Nf3 e6 3. d4 cxd4 4. Nxd4 Nf6 5. Nc3 Nc6 6. g3 d5 7. exd5 exd5 8. Bg2 Bc5 9. Be3 Qb6 10. Na4 Qa5+ 11. c3 Nxd4 12. Nxc5 Nf5 13. Nb3 Qa6 14. Bc5 Be6 15. Bf1 Qc6 16. Bd3 O-O-O 17. O-O h5 18. Bxa7 h4 19. Nd4 Qd7 20. Nxe6 fxe6 21. Bb6 Rde8 22. Bxf5 exf5 23. Qf3 Qd6 24. Bd4 Qd7 25. Bxf6 gxf6 26. Rad1 Re4 27. Rfe1 Qe6 28. Rxe4 fxe4 29. Qf4 hxg3 30. hxg3 Qh3 31. f3 Qh1+ 32. Kf2 Qxd1 33. Qf5+ Kb8 34. Qxf6 Qxf3+ 35. Ke1 Qxf6 0-1


[Site "https://www.chess.com"]

[Event "Titled Tuesday Blitz April 18 Late 2023"]
[White "Gonzalez Zamora, Juan Carlos"]
[Black "Govender, Kaedan"]
[WhiteFideId "3507548"]
[BlackFideId "14322072"]
[WhiteElo "2535"]
[BlackElo "1964"]
[Result "1-0"]
[Round "02"]
[TimeControl "180+2"]
[Date "2023.04.18"]
[WhiteClock "0:02:21"]
[BlackClock "0:01:34"]

1. e4 c5 2. Nf3 a6 3. c3 e6 4. d4 d5 5. exd5 exd5 6. Bd3 Nc6 7. O-O Bd6 8. Re1+ Nge7 9. dxc5 Bxc5 10. Nbd2 O-O 11. Nb3 Bd6 12. h3 Bf5 13. Bg5 Bxd3 14. Qxd3 Qd7 15. Rad1 f6 16. Be3 Rad8 17. Bc5 Ng6 18. Qxd5+ Kh8 19. Bxd6 Rfe8 20. Rxe8+ Rxe8 21. Bg3 1-0


[Site "https://www.chess.com"]

[Event "Titled Tuesday Blitz April 18 Late 2023"]
[White "Marcziter, Dmitrii"]
[Black "Sanchez, Robert"]
[WhiteFideId "13900765"]
[BlackFideId "2034360"]
[WhiteElo "2162"]
[BlackElo "1963"]
[Result "1-0"]
[Round "02"]
[TimeControl "180+2"]
[Date "2023.04.18"]
[WhiteClock "0:00:31"]
[BlackClock "0:00:13"]

1. d4 d5 2. c4 c6 3. Nf3 Nf6 4. Nc3 dxc4 5. a4 Bf5 6. Nh4 Bc8 7. Nf3 Bf5 8. e3 e6 9. Bxc4 Nbd7 10. O-O Bb4 11. Qe2 Bg6 12. Bd2 O-O 13. Rfd1 a5 14. Be1 Qe7 15. h3 e5 16. d5 Nb6 17. dxc6 bxc6 18. Bb3 Bh5 19. g4 Nxg4 20. hxg4 Bxg4 21. e4 Qf6 22. Rd3 Rad8 23. Rad1 Qg6 24. Nh4 Qh5 25. f3 Bc5+ 26. Kg2 Bd7 27. Bg3 Be7 28. Rh1 Qg5 29. Qd2 Qf6 30. Rd1 h5 31. Qe3 g5 32. Nf5 Bxf5 33. Rxd8 Bxd8 34. exf5 Qxf5 35. Qe4 Qxe4 36. fxe4 Bf6 37. Rd6 Kg7 38. Rxc6 Nd7 39. Nd5 Rb8 40. Rc3 Bd8 41. Rd3 Nc5 42. Bxe5+ f6 43. Bxb8 Nxd3 44. Bc7 Bxc7 45. Nxc7 Nxb2 46. Ne6+ Kg6 47. Nd4 Nd3 48. Nc6 Nc5 49. Bc2 Nb7 50. e5+ Kf7 51. Bb3+ Kg6 52. e6 Nd6 53. Nxa5 f5 54. Nc4 Nb7 55. a5 Nxa5 56. Nxa5 Kf6 1-0


[Site "https://www.chess.com"]